 Dungeon Crawl Stone Soup version 0.31.0-11-ge490571c62 (webtiles) character file.

Game seed: 6662229002956552186

12166 hawla the Tortoise (level 11, -6/138 HPs)
             Began as a Minotaur Fighter on Feb 2, 2024.
             Was an Elder of Makhleb.
             Mangled by a troll (shapeshifter) (14 damage)
             ... on level 9 of the Dungeon.
             The game lasted 00:26:23 (10110 turns).

hawla the Tortoise (Minotaur Fighter)              Turns: 10110, Time: 00:26:24

Health: -6/138     AC:  8    Str: 28    XL:     11   Next: 58%
Magic:  10/10      EV: 16    Int:  5    God:    Makhleb [****..]
Gold:   149        SH:  6    Dex: 10    Spells: 10/10 levels left

rFire   . . .        a - +3 war axe (flame)
rCold   + . .        c - +1 buckler
rNeg    . . .        (no body armour)
rPois   .            (helmet restricted)
rElec   .            u - +0 cloak
rCorr   .            x - +1 pair of gloves {Str+3}
SInv    .            y - +2 pair of boots
Will    .....        w - amulet of the acrobat Stlth
                     b - +5 ring of evasion
HPRegen 0.43/turn    v - ring of protection from cold
MPRegen 0.12/turn

%: acrobat
@: berserking, very quick
A: horns 2, retaliatory headbutt
a: Renounce Religion, Minor Destruction, Lesser Servant of Makhleb, Major
Destruction


You were on level 9 of the Dungeon.
You worshipped Makhleb.
Makhleb was greatly pleased with you.
You visited 2 branches of the dungeon, and saw 10 of its levels.
You also visited: Sewer and Bailey.

You collected 481 gold pieces.
You spent 332 gold pieces at shops.

Inventory:

Hand Weapons
 a - a +3 war axe of flaming (weapon)
 H - a +0 broad axe
Missiles
 t - 37 poisoned darts (quivered)
 B - 3 curare-tipped darts
Armour
 c - a +1 buckler (worn)
 m - the +0 chain mail of Too Many Cooks {-Tele Harm rPois rC+}
   (You found it on level 2 of the Dungeon)

   rC+:       It protects you from cold.
   rPois:     It protects you from poison -Tele: It prevents most forms of
   teleportation.
   Harm:      It increases damage dealt and taken.
 u - a +0 cloak (worn)
 x - a +1 pair of gloves of strength (worn)
 y - a +2 pair of boots (worn)
 E - a +0 plate armour
Jewellery
 b - a +5 ring of evasion (left hand)
 v - a ring of protection from cold (right hand)
 w - an amulet of the acrobat (around neck)
Wands
 i - a wand of roots (1)
 s - a wand of charming (14)
 A - a wand of polymorph (14)
 D - a wand of quicksilver (18)
Scrolls
 f - 4 scrolls of poison
 g - 2 scrolls of amnesia
 r - a scroll of vulnerability
 C - 3 scrolls of blinking
 F - 2 scrolls of summoning
Potions
 d - 2 potions of might
 e - 2 potions of lignification {unknown}
 h - 5 potions of curing
 j - a potion of enlightenment
 k - a potion of berserk rage
 l - 2 potions of magic
 n - 2 potions of brilliance
 o - 2 potions of cancellation
 p - a potion of attraction
 q - 2 potions of haste
 z - 2 potions of resistance


   Skills:
 - Level 7.0 Fighting
 - Level 16.0 Axes
 + Level 16.1 Armour
 - Level 5.0 Shields
 - Level 5.0 Evocations


You had 10 spell levels left.
You didn't know any spells.
Your spell library contained the following spells:

 Spells                   Type           Power      Damage    Failure   Level
 Cigotuvi's Dreadful Rot  Necr/Alch/Air  0%         N/A       67%         2
 Hailstorm                Conj/Ice       0%         3d5       88%         3
 Inner Flame              Hex/Fire       0%         N/A       88%         3
 Summon Ice Beast         Ice/Summ       0%         N/A       88%         3
 Vhi's Electric Charge    Tloc/Air       0%         N/A       99%         4
 Arcjolt                  Conj/Air       0%         1d10      100%        5
 Conjure Ball Lightning   Conj/Air       0%         3x3d6     100%        6
 Plasma Beam              Fire/Air       0%         2x1d10    100%        6
 Sculpt Simulacrum        Ice/Alch       0%         N/A       100%        6


Dungeon Overview and Level Annotations

Branches:
Dungeon (9/15)             Temple (1/1) D:6             Orc (0/2) D:9
  Sewer (visited)          Bailey (visited)
   Lair: D:8-11

Altars:
Ashenzari
Cheibriados
Dithmenos
Elyvilon
Fedhas
Gozag
Hepliaklqana
Kikubaaqudgha
Makhleb
Nemelex Xobeh
Okawaru
Qazlal
Sif Muna
Trog
Uskayaw
Vehumet
Wu Jian
Xom
Yredelemnul
Zin
The Shining One

Shops:
D:1 !   D:3 *   D:5 *!   D:6 =   D:8 ?

Annotations:
D:9 3 runed translucent doors, zewo's ghost, journeyman DjEE


Innate Abilities, Weirdness & Mutations

You have a pair of horns on your head.
You reflexively headbutt those who attack you in melee.


Message History

You slash the centaur warrior! You burn the centaur warrior.
The centaur warrior hits you with a staff of cold!
* * * LOW HITPOINT WARNING * * *
The centaur warrior freezes you.
* * * LOW HITPOINT WARNING * * *
The centaur warrior kicks you but does no damage.
The troll bites you!
* * * LOW HITPOINT WARNING * * *
The troll closely misses you. x2; The orc warrior misses you.
The centaur warrior completely misses you.
The centaur warrior kicks you but does no damage.
A red film seems to cover your vision as you go berserk!
You feel yourself moving faster!
You feel mighty! The centaur warrior closely misses you.
You furiously retaliate!
You headbutt the centaur warrior!
The centaur warrior kicks you but does no damage.
The troll bites you.
* * * LOW HITPOINT WARNING * * *
The troll completely misses you. You block the troll's attack.
The orc warrior barely misses you.
You barely miss the troll. Your headbutt misses the troll.
The troll is heavily wounded.
You barely miss the centaur warrior.
The centaur warrior hits you with a staff of cold.
* * * LOW HITPOINT WARNING * * *
The centaur warrior freezes you.
* * * LOW HITPOINT WARNING * * *
The centaur warrior barely misses you.
You slash the troll! You burn the troll. You headbutt the troll!
The troll is almost dead.
You slash the centaur warrior! You burn the centaur warrior.
You kill the centaur warrior!
Makhleb accepts your kill.
Your Armour skill increases to level 16!
Unknown command.
You barely miss the troll.
The troll is almost dead.
You hit the boulder beetle but do no damage.
The troll bites you!
You die...

#..# ##...##.#.#.#.##.#.#
##.## #.#.#.##.#.#.##.###.
#..# ###)).###.#)#.##.#.#.
##.## #..#)#..##.#)##[##.##
#..# ##.#...#.##.#.##.#..)#
##.## #...#.#...##.##.###†##
#..# #..#...#..##.##..[....
##.#.#########.##.##.#######
#.##..°°oT@))##.##.#######[
#..#....°B)))##.###.'...'.#
##.##.......##...####...###
#..#.......##...####...##
##.##.....##.....###...##
#..#.....##..#..####'####
##.##...##...##†.###.####
#..#...##..##.))###.###.
##.## #.........##.##..


You could see a boulder beetle (rolling), a troll and an orc warrior.

Vanquished Creatures
  2 vault guards (Bailey)
  A centaur warrior (D:9)
  An ugly thing (D:9)
  A cyclops (D:9)
  A gargoyle (D:9)
  Maggie (D:7)
  Prince Ribbit (Bailey)
  A hornet (D:9)
  Sigmund (D:6)
  A wyvern (D:9)
  A wraith (D:9)
  7 yaks (D:9)
  5 humans (Bailey)
  A steam dragon (D:8)
  An acid dragon (D:9)
  3 water moccasins
  Duvessa (D:6)
  6 orc warriors
  3 sky beasts
  2 ice beasts
  A black bear (D:7)
  4 ogres
  7 centaurs
  7 kobold brigands
  14 bullfrogs
  2 brain worms (Sewer)
  A scorpion (D:4)
  9 wights
  Dowan (D:6)
  8 killer bees (D:9)
  4 bombardier beetles
  3 howler monkeys
  2 jellies (D:6)
  5 hounds
  6 orc priests
  4 sleepcaps
  9 orc wizards
  8 gnolls
  12 adders
  2 river rats (Sewer)
  6 white imps
  6 ufetubi
  A dart slug (D:4)
  4 ribbon worms
  47 orcs
  9 ball pythons
  2 endoplasms
  5 giant cockroaches
  5 goblins
  8 hobgoblins
  5 jackals
  4 quokkas
  7 bats
  6 frilled lizards
  17 kobolds
  6 rats
288 creatures vanquished.

Notes
Turn   | Place    | Note
-------+----------+-------------------------------------------
     0 | D:1      | hawla the Minotaur Fighter began the quest for the Orb.
     0 | D:1      | Reached XP level 1. HP: 19/19 MP: 0/0
   135 | D:1      | Found Jedoula's Distillery.
   141 | D:1      | Bought a potion of degeneration for 12 gold pieces
   244 | D:1      | Reached XP level 2. HP: 26/26 MP: 1/1
   826 | D:2      | Reached XP level 3. HP: 30/31 MP: 2/2
   829 | D:2      | Identified the +0 chain mail of Too Many Cooks {-Tele Harm
                  | rPois rC+}
  1367 | D:3      | Found Etuuz's General Store.
  1374 | D:3      | Reached skill level 5 in Axes
  1381 | D:3      | Bought a wand of charming (2) for 52 gold pieces
  1445 | D:3      | Reached XP level 4. HP: 36/39 MP: 3/3
  1980 | D:4      | Reached XP level 5. HP: 45/45 MP: 4/4
  2279 | D:4      | Noticed an ogre
  2285 | D:4      | Killed an ogre
  2433 | D:4      | Reached XP level 6. HP: 43/51 MP: 5/5
  2831 | D:5      | Entered Level 5 of the Dungeon
  3510 | D:5      | Found a blossoming altar of Fedhas.
  3533 | D:5      | Reached XP level 7. HP: 46/57 MP: 6/6
  3601 | D:5      | Found Emeihoew's General Store.
  3607 | D:5      | Bought a scroll of identify for 30 gold pieces
  3839 | D:5      | Found Beymin's Distillery.
  4122 | D:5      | Reached skill level 10 in Axes
  4149 | D:6      | Found Uniolies's Jewellery Shoppe.
  4236 | D:6      | Noticed Dowan
  4237 | D:6      | Noticed Duvessa
  4249 | D:6      | Killed Duvessa
  4250 | D:6      | Reached XP level 8. HP: 49/64 MP: 7/7
  4255 | D:6      | Killed Dowan
  4303 | D:6      | Found a staircase to the Ecumenical Temple.
  4315 | Temple   | Entered the Ecumenical Temple
  4325 | Temple   | Became a worshipper of Makhleb the Destroyer
  4434 | D:6      | Noticed Sigmund
  4447 | D:6      | Killed Sigmund
  4673 | D:6      | Found a glowing drain.
  4683 | Sewer    | Entered a sewer
  5568 | D:6      | Reached * piety under Makhleb
  5715 | D:6      | Reached XP level 9. HP: 70/70 MP: 8/8
  6175 | D:7      | Noticed Maggie
  6183 | D:7      | Killed Maggie
  6269 | D:7      | Noticed a +0 falchion
  6271 | D:7      | Noticed a +0 spear
  6271 | D:7      | Noticed a +0 falchion
  6271 | D:7      | Noticed a +0 dagger
  6271 | D:7      | Noticed a +0 short sword
  6272 | D:7      | Noticed a +0 spear
  6273 | D:7      | Noticed a +0 short sword
  6274 | D:7      | Noticed a +0 dagger
  6305 | D:7      | Found a hide-covered altar of Uskayaw.
  6393 | D:7      | Reached skill level 15 in Axes
  6502 | D:7      | Identified a scroll of acquirement
  6502 | D:7      | Acquired a manual of Armour
  6832 | D:7      | Reached ** piety under Makhleb
  7148 | D:8      | Reached skill level 5 in Armour
  7216 | D:8      | Found Miukhe's Magic Scroll Emporium.
  7224 | D:8      | Bought a scroll of identify for 28 gold pieces
  7224 | D:8      | Bought a scroll of blinking for 105 gold pieces
  7224 | D:8      | Bought a scroll of enchant armour for 105 gold pieces
  7495 | D:8      | Got the Folio of Overhead Ashes
  7574 | D:8      | Reached XP level 10. HP: 65/77 MP: 9/9
  7733 | D:9      | Reached skill level 10 in Armour
  8031 | D:9      | Found a hazy altar of Hepliaklqana.
  8156 | D:9      | Found a runed translucent gate.
  8156 | D:9      | Found a runed translucent gate.
  8156 | D:9      | Found a runed translucent gate.
  8157 | D:9      | Noticed a spectral centaur warrior
  8157 | D:9      | Noticed zewo's ghost (journeyman DjEE)
  8171 | D:9      | Found a flagged portal.
  8189 | Bailey   | Entered a bailey
  8225 | Bailey   | Reached *** piety under Makhleb
  8305 | Bailey   | Noticed a vault guard
  8305 | Bailey   | Noticed Prince Ribbit
  8314 | Bailey   | Killed a vault guard
  8315 | Bailey   | Reached skill level 5 in Shields
  8315 | Bailey   | Reached skill level 5 in Fighting
  8320 | Bailey   | Killed Prince Ribbit
  8431 | Bailey   | Noticed a vault guard
  8449 | Bailey   | Killed a vault guard
  8602 | D:9      | Found a staircase to the Orcish Mines.
  8646 | D:9      | Reached skill level 1 in Evocations
  8648 | D:9      | Reached XP level 11. HP: 92/92 MP: 10/10
  8905 | D:9      | Found a runed translucent door.
  8905 | D:9      | Found a runed translucent door.
  8905 | D:9      | Found a runed translucent door.
  8905 | D:9      | Noticed a brown ugly thing
  8905 | D:9      | Noticed a boulder beetle
  8905 | D:9      | Noticed a catoblepas
  9388 | D:9      | Reached skill level 5 in Evocations
  9552 | D:9      | Killed a brown ugly thing
  9553 | D:9      | Reached skill level 15 in Armour
  9998 | D:9      | Reached **** piety under Makhleb
 10097 | D:9      | Noticed a centaur warrior
 10102 | D:9      | Noticed a boulder beetle
 10109 | D:9      | Killed a centaur warrior
 10110 | D:9      | Mangled by a troll (shapeshifter)

Illustrated notes

Levels and vault maps discovered:
D:1:      tarquinn_simple_flora_water_e, layout_basic, serial_shops,
          nicolae_shop_statue_plus
D:2:      layout_loops_ring, grunt_decor_one_mirror
D:3:      layout_basic, serial_shops, shop
D:4:      layout_loops_corners, wad_orctagon
D:5:      layout_basic, mainiacjoe_overflow_boulevard, serial_shops, shop,
          grunt_decor_fettered, minmay_statues_item, nicolae_take_the_stairs
D:6:      minmay_razor_zed, layout_basic, minmay_temple_entry_butterflies,
          cheibrodos_sewer_entry_sluice, serial_shops,
          nicolae_shop_behind_doors, uniq_sigmund, uniq_duvessa
D:7:      layout_cave_pods, nicolae_uskayaw_en_pointe, uniq_maggie
D:8:      layout_basic, serial_shops, shop, serial_curves, eino_curves_02,
          eino_curves_02
D:9:      minmay_the_grid_triangle_9x9_rhombus_full
          [minmay_the_grid_triangle_9x9_windchime,
          minmay_the_grid_triangle_9x9_stretched_checkered,
          minmay_the_grid_triangle_9x9_sprig,
          minmay_the_grid_triangle_9x9_fully_insulated_deathbox,
          minmay_the_grid_triangle_9x9_pentomino_pain,
          minmay_the_grid_triangle_9x9_empty,
          minmay_the_grid_triangle_9x9_zippers_vertical,
          minmay_the_grid_triangle_9x9_prize_schism], layout_basic,
          nicolae_hepliaklqana_hazy_memory, orc_0_dummy,
          gammafunk_ghost_necromancy, enter_bailey_6, nrook_pool_corridor,
          st_stairs_14, grunt_ministairs_3
Temple:   regret_index_temple_chain_breaker

Skill      XL: |  1  2  3  4  5  6  7  8  9 10 11 |
---------------+----------------------------------+-----
Axes           | 3 4 5 6 7 9 11 14 16 | 16.0
Armour         | 9 14 16 | 16.1
Shields        | 5 |  5.0
Fighting       | 7 |  7.0
Evocations     | 2 5 |  5.0

Action                     |  1- 3 |  4- 6 |  7- 9 | 10-12 || total
---------------------------+-------+-------+-------+-------++-------
  Melee: War axe           |    67 |    85 |   251 |   229 ||   632
         Headbutt          |    10 |    10 |    40 |    29 ||    89
  Throw: Dart              |       |     3 |       |     2 ||     5
  Evoke: Wand              |       |     1 |     5 |     3 ||     9
    Use: Scroll            |       |     8 |    12 |     4 ||    24
         Potion            |       |     2 |       |     4 ||     6
 Armour: Scale mail        |    32 |       |       |       ||    32
         Chain mail        |    10 |    34 |   119 |    62 ||   225
         Skin              |       |       |       |    47 ||    47
  Dodge: Dodged            |    38 |    45 |   131 |   148 ||   362
  Block: Buckler           |    13 |    17 |    71 |    64 ||   165
